 Dungeon Crawl Stone Soup version 0.32-a0-312-g1d7162e751 (webtiles) character file.

Game seed: 4775861889664193931

2501 Essalna the Magician (level 9, -2/52 HPs)
             Began as a Deep Elf Earth Elementalist on Feb 15, 2024.
             Was an Initiate of Vehumet.
             Slain by a hornet (6 damage)
             ... on level 10 of the Dungeon.
             The game lasted 00:12:38 (6674 turns).

Essalna the Magician (Deep Elf Earth Elementalist)  Turns: 6674, Time: 00:12:38

Health: -2/52      AC:  8    Str:  5    XL:     9   Next: 28%
Magic:  15/21      EV: 14    Int: 25    God:    Vehumet [......]
Gold:   332        SH:  0    Dex: 21    Spells: 13/22 levels left

rFire   . . .        n - +0 hammer of Jaamana {holy, Dex+6 Stlth-}
rCold   . . .        (no shield)
rNeg    . . .        a - +0 robe
rPois   .            (no helmet)
rElec   .            f - +0 cloak
rCorr   +            (no gloves)
SInv    .            s - +0 pair of boots
Will    .....        (no amulet)
Stlth   +            v - +4 ring of protection
HPRegen 0.28/turn    q - ring of resist corrosion
MPRegen 0.17/turn

%: no passive effects
@: lethally poisoned (-2 -> -10), slowed, very slow
A: no striking features
a: Renounce Religion


You were on level 10 of the Dungeon.
You worshipped Vehumet.
Vehumet was noncommittal.
You visited 2 branches of the dungeon, and saw 9 of its levels.
You also visited: Sewer.

You collected 332 gold pieces.

Inventory:

Hand Weapons
 h - a +1 heavy spear
 n - the +0 hammer of Jaamana (weapon) {holy, Dex+6 Stlth-}
   (You found it on level 2 of the Dungeon)

   Dex+6:     It affects your dexterity (+6).
   Stlth-:    It makes you less stealthy.
Armour
 a - a +0 robe (worn)
 f - a +0 cloak (worn)
 s - a +0 pair of boots (worn)
Magical Staves
 w - a staff of conjuration
Jewellery
 g - a ring of positive energy
 q - a ring of resist corrosion (right hand)
 v - a +4 ring of protection (left hand)
 x - a ring of protection from cold
Wands
 u - a wand of paralysis (9)
Scrolls
 e - 5 scrolls of noise
 k - 6 scrolls of identify
 m - 2 scrolls of blinking
 r - 2 scrolls of brand weapon
 t - a scroll of enchant weapon
Potions
 b - 2 potions of magic
 c - 2 potions of cancellation {unknown}
 d - 2 potions of degeneration {unknown}
 i - 3 potions of haste {unknown}
 j - a potion of resistance
 l - a potion of curing {unknown}
 o - a potion of might {unknown}
 p - 2 potions of mutation {unknown}


   Skills:
 + Level 3.7 Fighting
 + Level 1.5 Armour
 + Level 3.7 Dodging
 - Level 2.4 Stealth
 - Level 7.1 Spellcasting
 + Level 6.8 Conjurations
 + Level 5.0 Ice Magic
 + Level 5.0 Air Magic
 - Level 5.3 Earth Magic


You had 13 spell levels left.
You knew the following spells:

 Your Spells              Type           Power      Damage    Failure   Level
a - Sandblast             Erth           70%        2d15      1%          1
b - Stone Arrow           Conj/Erth      78%        3d11      1%          3
c - Freezing Cloud        Conj/Ice/Air   18%        6-21      19%         5

Your spell library contained the following spells:

 Spells                   Type           Power      Damage    Failure   Level
 Passwall                 Erth           35%        N/A       2%          3
 Mercury Vapours          Alch/Air       42%        N/A       3%          2
 Mephitic Cloud           Conj/Alch/Air  28%        N/A       4%          3
 Brom's Barrelling Bould  Conj/Erth      39%        2d6       5%          4
 Summon Ice Beast         Ice/Summ       21%        N/A       7%          3
 Petrify                  Alch/Erth      22%        N/A       22%         4
 Summon Mana Viper        Hex/Summ       8%         N/A       88%         5
 Monstrous Menagerie      Summ           4%         N/A       100%        7


Dungeon Overview and Level Annotations

Branches:
Dungeon (7/15)             Temple (1/1) D:4           Sewer (visited)

Altars:
Cheibriados
Dithmenos
Fedhas
Gozag
Hepliaklqana
Makhleb
Nemelex Xobeh
Okawaru
Qazlal
Sif Muna
Trog
Uskayaw
Vehumet
Xom
Yredelemnul
Zin
The Shining One

Shops:
D:2 :

Annotations:
D:5 2 transporters


Message History

The hornet is heavily wounded.
A vampire mosquito comes into view.
The hornet stings you.
You feel yourself slow down. The hornet stings you.
You feel as though you will be slow longer.
The vampire mosquito moves out of view.
The blast of sand misses the hornet.
You feel yourself speed up. The hornet stings you.
You are poisoned.
You feel yourself slow down. The hornet stings you.
You are more poisoned.
You feel as though you will be slow longer.
The hornet misses you.
You are too injured to fight recklessly!
You are too injured to fight recklessly!
You are too injured to fight recklessly!
Casting: Sandblast (safe; 1% risk of failure)
Confirm with . or Enter, or press ? or * to list all spells.
Aiming: Sandblast (safe; 1% risk of failure)
Press: ? - help, Shift-Dir - straight line, f/p - hornet
Aim: a hornet (heavily wounded, 76% to hit)
The blast of sand hits the hornet.
The hornet is heavily wounded.
You feel extremely sick. The hornet closely misses you.
The hornet stings you but does no damage.
The hornet barely misses you.
Casting: Sandblast (safe; 1% risk of failure)
Confirm with . or Enter, or press ? or * to list all spells.
Aiming: Sandblast (safe; 1% risk of failure)
Press: ? - help, Shift-Dir - straight line, f/p - hornet
Aim: a hornet (heavily wounded, 76% to hit)
The blast of sand hits the hornet!
The hornet is severely wounded.
You feel very sick. The hornet stings you!
* * * LOW HITPOINT WARNING * * *
You feel as though you will be slow longer.
The hornet stings you.
You die...

#..)..# #.#.#.##.
#.....##.. #..)..##..
#.#.#.#..# #.....#..#
#.....#..#
#.#.#.#..#########
#.....#..y@.......
#.....#..############
#.#.#.#....# ##....#
#.....#..).####..#.##
#.....#............#
#.#.#.#..........###
#.....#..........#
#.....#..........#
#.......###......#


You could see a hornet.

Vanquished Creatures
  A wyvern (D:4)
  A fire bat (D:6)
  A vampire mosquito (D:10)
  A black bear (D:5)
  2 centaurs (D:6)
  3 ogres
  A phantom (D:7)
  A bullfrog (D:7)
  2 kobold brigands (Sewer)
  2 scorpions
  5 wights
  A howler monkey (D:6)
  2 hounds (D:6)
  2 orc priests
  A gnoll bouda (D:4)
  Crazy Yiuf (D:2)
  4 iguanas (D:6)
  5 orc wizards
  3 gnolls (D:4)
  8 adders
  6 river rats (Sewer)
  A shadow imp (D:4)
  A white imp (D:5)
  2 ufetubi (D:6)
  5 ribbon worms
  2 dart slugs (D:2)
  20 orcs
  8 ball pythons
  5 bats
  8 endoplasms
  5 giant cockroaches
  14 hobgoblins
  10 jackals
  2 quokkas
  7 frilled lizards
  2 goblins
  26 kobolds
  31 rats
202 creatures vanquished.

Notes
Turn   | Place    | Note
-------+----------+-------------------------------------------
     0 | D:1      | Essalna the Deep Elf Earth Elementalist began the quest for
                  | the Orb.
     0 | D:1      | Reached XP level 1. HP: 10/10 MP: 6/6
   144 | D:1      | Reached XP level 2. HP: 14/15 MP: 4/8
   379 | D:1      | Reached XP level 3. HP: 19/19 MP: 8/10
   540 | D:1      | Reached skill level 4 in Spellcasting
   654 | D:1      | Found a faded altar of an unknown god.
  1244 | D:2      | Reached XP level 4. HP: 24/24 MP: 10/12
  1750 | D:2      | Found a runed translucent door.
  1751 | D:2      | Noticed Crazy Yiuf
  1759 | D:2      | Killed Crazy Yiuf
  1767 | D:2      | Identified the +0 hammer of Jaamana {holy, Dex+6 Stlth-}
  1950 | D:2      | Found Cebush's Book Emporium.
  2215 | D:3      | Reached XP level 5. HP: 28/28 MP: 12/14
  2223 | D:3      | Learned a level 3 spell: Stone Arrow
  2234 | D:3      | Reached skill level 5 in Spellcasting
  2714 | D:4      | Reached skill level 5 in Earth Magic
  2714 | D:4      | Reached XP level 6. HP: 19/32 MP: 7/16
  2910 | D:4      | Reached skill level 6 in Spellcasting
  2916 | D:4      | Learned a level 5 spell: Freezing Cloud
  3026 | D:4      | Found an opulent altar of Gozag.
  3031 | D:4      | Found an opulent altar of Gozag.
  3031 | D:4      | Found an opulent altar of Gozag.
  3039 | D:4      | Found an opulent altar of Gozag.
  3119 | D:4      | Found a glowing silver altar of Zin.
  3169 | D:4      | Noticed a wyvern
  3175 | D:4      | Killed a wyvern
  3176 | D:4      | Reached skill level 1 in Ice Magic
  3176 | D:4      | Reached skill level 1 in Air Magic
  3176 | D:4      | Reached XP level 7. HP: 37/37 MP: 15/18
  3298 | D:4      | Found a staircase to the Ecumenical Temple.
  3312 | Temple   | Entered the Ecumenical Temple
  3491 | D:5      | Entered Level 5 of the Dungeon
  3491 | D:5      | Found a transporter.
  3540 | D:5      | Reached skill level 1 in Fighting
  3607 | D:5      | Found a hazy altar of Hepliaklqana.
  3658 | D:5      | Found a glowing drain.
  3673 | Sewer    | Entered a sewer
  4073 | Sewer    | Reached skill level 5 in Conjurations
  4720 | D:5      | Reached skill level 7 in Spellcasting
  4720 | D:5      | Reached XP level 8. HP: 44/44 MP: 17/20
  4906 | D:5      | Found a bloodstained altar of Trog.
  5113 | D:5      | Found a transporter.
  5494 | D:6      | Found a blossoming altar of Fedhas.
  5622 | D:6      | Found a sparkling altar of Nemelex Xobeh.
  5802 | D:6      | Found a radiant altar of Vehumet.
  5823 | D:6      | Became a worshipper of Vehumet
  6051 | D:6      | Found a blossoming altar of Fedhas.
  6222 | D:6      | Found a shimmering altar of Xom.
  6226 | D:6      | Reached XP level 9. HP: 42/51 MP: 17/21
  6228 | D:6      | Reached skill level 1 in Armour
  6364 | D:7      | Found a shadowy altar of Dithmenos.
  6581 | D:7      | You fall into a shaft and drop 3 floors!
  6581 | D:10     | Entered Level 10 of the Dungeon
  6670 | D:10     | Reached skill level 5 in Ice Magic
  6670 | D:10     | Reached skill level 5 in Air Magic
  6674 | D:10     | Slain by a hornet

Illustrated notes

Levels and vault maps discovered:
D:1:      minmay_arrival_solitary_statue, layout_basic,
          hellmonk_ecumenical_altar_heavens_door
D:2:      layout_basic, serial_shops, shop, st_stairs_1, minmay_split_cup_small,
          uniq_crazy_yiuf_cottage
D:3:      layout_rooms, serial_park_tiny_pond, minmay_quadrilaterals
D:4:      layout_loops_ring, nicolae_gozag_conspicuous_consumption,
          zin_statuary, minmay_temple_entry_junction
D:5:      gammafunk_cloud_chamber, layout_cave_pods,
          nicolae_hepliaklqana_hippocampus, trog_book,
          cheibrodos_sewer_entry_bend
D:6:      layout_basic, mainiacjoe_overflow_24_doors,
          fedhas_bush_and_centaur_altar, regret_index_xom_of_box,
          small_statue_intersection, hangedman_feature_mirror
D:7:      minmay_the_grid_octo_tiled_squarecenter
          [minmay_the_grid_octo_thin_diamonds, minmay_the_grid_octo_teeth,
          minmay_the_grid_octo_checkered, minmay_the_grid_octo_clover_2,
          minmay_the_grid_square_5x5_megaprize_crossed,
          minmay_the_grid_square_5x5_inverted_slash,
          minmay_the_grid_square_5x5_fat_x,
          minmay_the_grid_square_5x5_beaten_path,
          minmay_the_grid_square_5x5_six], layout_loops_ring,
          grunt_dithmenos_shadows, mainiacjoe_overflow_brackets,
          nicolae_zen_rock_garden
D:10:     minmay_slanted_spiral_squares, layout_rooms, columned_hall_lemuel,
          chequers_serial_rivers_micro_b
Temple:   nicolae_temple_figure_zero

Skill      XL: |  1  2  3  4  5  6  7  8  9 |
---------------+----------------------------+-----
Conjurations   | 2 3 4 5 6 |  6.8
Spellcasting   | 4 5 6 7 |  7.1
Earth Magic    | 4 5 |  5.3
Ice Magic      | 1 2 4 5 |  5.0
Air Magic      | 1 2 4 5 |  5.0
Fighting       | 2 3 |  3.7
Dodging        | 3 |  3.7
Armour         | 1 |  1.5
Stealth        | |  2.4

Action                     |  1- 3 |  4- 6 |  7- 9 || total
---------------------------+-------+-------+-------++-------
  Melee: Mace              |       |    18 |     1 ||    19
         Spear             |       |     1 |       ||     1
   Cast: Sandblast         |    45 |    78 |   190 ||   313
    Use: Scroll            |       |       |     8 ||     8
 Armour: Robe              |     5 |    40 |    59 ||   104
  Dodge: Dodged            |     4 |    28 |    66 ||    98

Table legend: (Time is in decaauts)
 A = Elapsed time spent in this place.
 B = Non-inter-level travel time spent in this place.
 C = Inter-level travel time spent in this place.
 D = Time resting spent in this place.
 E = Time spent auto-exploring this place.
 F = Levels seen in this place.
 G = Mean time per level.
                   A        B        C        D        E       F      G
               +--------+--------+--------+--------+--------+-----+--------+
         Total |   6852 |   6577 |    275 |      4 |   5511 |  10 |  685.2 |
       Dungeon |   5825 |   5550 |    275 |      4 |   4694 |   8 |  728.1 |
        Temple |     10 |     10 |      0 |      0 |      9 |   1 |   10.0 |
         Sewer |   1015 |   1015 |      0 |      0 |    808 |   1 | 1015.0 |
               +--------+--------+--------+--------+--------+-----+--------+

Top non-repeatable levels by time:
     D:1: 1126 daAuts
   Sewer: 1015 daAuts
     D:6: 938 daAuts
     D:2: 932 daAuts
     D:4: 926 daAuts
     D:5: 890 daAuts
     D:3: 616 daAuts
     D:7: 295 daAuts
    D:10: 100 daAuts
  Temple: 10 daAuts
